 Dungeon Crawl Stone Soup version 0.23.2 (webtiles) character file.

Game seed: 147876609060072265

2639 Borgoz the Cleaver (level 9, 0/82 HPs)
             Began as a Hill Orc Fighter on Apr 9, 2019.
             Was an Initiate of Ashenzari.
             Slain by an unseen horror (5 damage)
             ... on level 7 of the Dungeon.
             The game lasted 00:10:33 (5952 turns).

Borgoz the Cleaver (Hill Orc Fighter)               Turns: 5952, Time: 00:10:34

Health: 0/82       AC:  8    Str: 19    XL:     9   Next: 61%
Magic:  9/9        EV: 13    Int:  8    God:    Ashenzari [......]
Gold:   217        SH:  0    Dex: 15    Spells: 8/8 levels left

rFire    + . .     SeeInvis .   a - +1 war axe
rCold    x . .     Gourm    .   (no shield)
rNeg     . . .     Faith    .   b - +0 scale mail
rPois    .         Spirit   .   (no helmet)
rElec    .         Reflect  .   w - +2 cloak
rCorr    .         Harm     .   (no gloves)
MR       .....                  (no boots)
Stlth    ..........             (no amulet)
HPRegen  0.23/turn              (no ring)
MPRegen  0.11/turn              i - ring of fire

@: no status effects
A: talons 1, agile 1, deformed body
a: Curse Item, Renounce Religion


You were on level 7 of the Dungeon.
You worshipped Ashenzari.
Ashenzari was noncommittal.
You were not hungry.

You visited 2 branches of the dungeon, and saw 8 of its levels.
You also visited: Sewer.

You collected 217 gold pieces.

Inventory:

Hand Weapons
 a - a +1 war axe (weapon)
 u - the +4 halberd "Tazoumac" {chop, +Rage +Fly rC+}
   (You found it on level 5 of the Dungeon)

   It inflicts extra damage upon your enemies.
   It protects you from cold.
   It lets you fly.
   It lets you go berserk.
Armour
 b - a +0 scale mail (worn)
 c - a +0 shield
 w - a +2 cloak (worn)
Jewellery
 i - a ring of fire (right hand)
Wands
 r - a wand of iceblast (8)
 v - a wand of scattershot (2)
Scrolls
 g - a scroll of enchant weapon
 h - a scroll of blinking {unknown}
 j - 8 scrolls of teleportation
 l - a scroll of enchant armour
 o - 2 scrolls of fog
 p - 8 scrolls of fear
 s - a scroll of vulnerability {unknown}
Potions
 d - a potion of might
 e - 2 potions of resistance
 k - 4 potions of lignification
 m - a potion of magic
 n - 3 potions of curing
 q - a potion of haste
Comestibles
 f - 14 rations


   Skills:
 + Level 8.4 Fighting
 + Level 8.8 Axes
 + Level 7.8 Armour
 + Level 5.1 Dodging
 - Level 3.2 Shields
 + Level 0.6 Evocations


You had 8 spell levels left.
You didn't know any spells.
Your spell library contained the following spells:

 Spells                   Type           Power        Failure   Level  Hunger
 Freeze                   Ice            #...         75%         1    ##.....
 Throw Frost              Conj/Ice       #.....       86%         2    ###....
 Ozocubu's Armour         Chrm/Ice       #.......     98%         3    ####...
 Static Discharge         Conj/Air       #.......     98%         3    ####...
 Summon Ice Beast         Ice/Summ       #.......     100%        4    #####..
 Throw Icicle             Conj/Ice       #.......     100%        4    #####..
 Lightning Bolt           Conj/Air       #.........   100%        5    ######.
 Ignition                 Fire           #.........   100%        8    #######
 Shatter                  Erth           #.........   100%        9    #######
 Tornado                  Air            #.........   100%        9    #######


Dungeon Overview and Level Annotations

Branches:
Dungeon (7/15)             Temple (1/1) D:5

Altars:
Ashenzari
Cheibriados
Dithmenos
Elyvilon
Fedhas
Gozag
Hepliaklqana
Kikubaaqudgha
Makhleb
Nemelex Xobeh
Okawaru
Qazlal
Ru
Sif Muna
Trog
Uskayaw
Vehumet
Wu Jian
Xom
Yredelemnul
Zin

Shops:
D:4 =


Innate Abilities, Weirdness & Mutations

You have sharp toenails.
You are agile. (Dex +2)
Armour fits poorly on your strangely shaped body.


Message History

You barely miss something. Something hits you but does no damage.
The crimson imp hits you but does no damage.
You slash the crimson imp!
You kill the crimson imp!
You hit something. Something hits you!
* * * LOW HITPOINT WARNING * * *
An orc wizard comes into view. It is wielding a +0 dagger.
You hit something but do no damage. Something hits you.
* * * LOW HITPOINT WARNING * * *
Something hits you!
* * * LOW HITPOINT WARNING * * *
Things that are here:
an uncursed ring mail; a bullfrog corpse You barely miss something.
Something hits you.
* * * LOW HITPOINT WARNING * * *
An orc comes into view. It is wielding a +0 flail.
You swing at nothing.
Something hits you!
* * * LOW HITPOINT WARNING * * *
Something hits you.
You die...

.. .##...#...... ..
.........#... ##.##
..####.....## #
.#(.## ........##.
##. #. #.##
......####
..##.##..####.####(..
#..#..##.#.....#####
#..#{.##.#.#.#.#.(..
#@##.o#..#.#..####
#..#.o##.#.#.#.#....
#..#..##.#.....#####
..##.##..####.### ##.
# o###.....# #
.###.#####.# ## #. .#
#. .# # #


You could see an orc wizard and an orc.

Vanquished Creatures
  Pikel (D:5)
  A troll (D:7)
  An orc warrior (D:7)
  3 ice beasts
  A black bear (D:7)
  2 centaurs
  Blork the orc (D:5)
  2 big kobolds (Sewer)
  2 bullfrogs (D:7)
  2 scorpions
  A howler monkey (D:6)
  4 crimson imps
  A bullfrog zombie (D:5)
  A centaur zombie (D:5)
  A jelly (D:6)
  A hound (D:6)
  An orc priest (D:3)
  A centaur skeleton (D:4)
  3 orc wizards
  Crazy Yiuf (D:6)
  A bullfrog skeleton (D:5)
  6 worker ants
  A killer bee zombie (D:6)
  3 worker ant zombies
  A hound skeleton (D:5)
  6 adders
  A river rat (Sewer)
  A shadow imp (D:5)
  An ooze (Sewer)
  An adder skeleton (D:4)
  8 worms
  4 dart slugs
  5 leopard geckos
  14 orcs
  6 giant cockroaches
  4 goblins
  8 hobgoblins
  3 jackals (D:2)
  3 quokkas
  5 ball pythons (Sewer)
  10 bats
  6 frilled lizards
  A jackal zombie (D:5)
  11 kobolds
  3 leopard gecko skeletons
  A quokka skeleton (D:5)
  13 rats
158 creatures vanquished.

Notes
Turn   | Place    | Note
-------+----------+-------------------------------------------
     0 | D:1      | Borgoz the Hill Orc Fighter began the quest for the Orb.
     0 | D:1      | Reached XP level 1. HP: 19/19 MP: 1/1
   175 | D:1      | Reached XP level 2. HP: 24/27 MP: 2/2
   733 | D:2      | Reached XP level 3. HP: 33/33 MP: 3/3
   895 | D:2      | Reached skill level 1 in Dodging
  1068 | D:2      | Found a stormy altar of Qazlal.
  1068 | D:2      | Found an ornate altar of the Wu Jian Council.
  1068 | D:2      | Found a burning altar of Makhleb.
  1450 | D:2      | Reached XP level 4. HP: 27/40 MP: 4/4
  1709 | D:3      | Gained mutation: You have sharp toenails. [potion of
                  | mutation]
  1709 | D:3      | Gained mutation: Armour fits poorly on your strangely
                  | shaped body. [potion of mutation]
  1709 | D:3      | Gained mutation: You are agile. (Dex +2) [potion of
                  | mutation]
  1717 | D:3      | Reached XP level 5. HP: 12/47 MP: 5/5
  1866 | D:3      | Found a sacrificial altar of Ru.
  1979 | D:3      | Found a white marble altar of Elyvilon.
  1979 | D:3      | Found a blossoming altar of Fedhas.
  1984 | D:3      | Found a deep blue altar of Sif Muna.
  1986 | D:3      | Found a shadowy altar of Dithmenos.
  1988 | D:3      | Found an opulent altar of Gozag.
  2621 | D:4      | Reached XP level 6. HP: 25/55 MP: 6/6
  2647 | D:4      | Found Ucro's Jewellery Emporium.
  2658 | D:4      | Reached skill level 5 in Fighting
  2807 | D:4      | Found an ancient bone altar of Kikubaaqudgha.
  2892 | D:4      | Found a snail-covered altar of Cheibriados.
  3047 | D:4      | Found a glowing drain.
  3051 | Sewer    | Entered a sewer
  3197 | Sewer    | Reached skill level 5 in Axes
  3201 | Sewer    | Reached skill level 5 in Armour
  3341 | Sewer    | Reached XP level 7. HP: 55/61 MP: 7/7
  3451 | D:5      | Entered Level 5 of the Dungeon
  3805 | D:5      | Got a crude halberd
  3844 | D:5      | Noticed Pikel
  3865 | D:5      | Killed Pikel
  3865 | D:5      | Reached XP level 8. HP: 47/71 MP: 8/8
  3911 | D:5      | Found a staircase to the Ecumenical Temple.
  3925 | Temple   | Entered the Ecumenical Temple
  3981 | Temple   | Became a worshipper of Ashenzari the Shackled
  4062 | D:5      | Found a glowing silver altar of Zin.
  4253 | D:5      | Noticed Blork the orc
  4259 | D:5      | Killed Blork the orc
  4698 | D:6      | Reached XP level 9. HP: 61/79 MP: 9/9
  4814 | D:6      | Found a runed translucent door.
  4815 | D:6      | Noticed Crazy Yiuf
  5154 | D:6      | Killed Crazy Yiuf
  5237 | D:7      | Noticed a troll
  5256 | D:7      | Killed a troll
  5585 | D:7      | Reached skill level 5 in Dodging
  5952 | D:7      | Slain by an unseen horror

Skill      XL: |  1  2  3  4  5  6  7  8  9 |
---------------+----------------------------+-----
Axes           | 3 4 5 7 8 |  8.8
Fighting       | 4 5 6 7 8 |  8.4
Dodging        | 1 2 3 4 5 |  5.1
Armour         | 4 5 6 7 |  7.8
Shields        | |  3.2
Evocations     | |  0.6

Action                   |  1- 3 |  4- 6 |  7- 9 || total
-------------------------+-------+-------+-------++-------
Melee: War axe           |   131 |   215 |   207 ||   553
       Kick              |       |    48 |    86 ||   134
Evoke: Wand              |       |       |     2 ||     2
  Use: Scroll            |     1 |     9 |     3 ||    13
       Potion            |       |     4 |     3 ||     7
 Stab: Invisible         |       |     2 |       ||     2
  Eat: Chunk             |     2 |     7 |     8 ||    17
Armor: Scale mail        |    52 |    65 |    86 ||   203
Dodge: Dodged            |    34 |    75 |    76 ||   185
Block: Shield            |    82 |    99 |    92 ||   273
